cohdb
Replays
Latest Replays
All Replays
Popular Replays
Top Player Replays
Match Explorer
How It Works
Community
CoH3 Stats
Reddit
Sign in to upload your games and track your stats! →
Sign in with Steam
Match 47139400
Unlisted
Match 47139400
Overview
Messages
Build Orders
End
Kradschützen Motorcycle Team
Panzergrenadier Squad
Panzerpioneer Squad
Construct Light Support Kompanie
Construct Mechanized Kompanie
Support Armor Elements
Assault Mechanized Group
Panzerjäger Squad
StuG III D Assault Gun
2.5-tonne Medical Truck
StuG III D Assault Gun
Assault Mechanized Group
Panzerjäger Squad
Panzerjäger Squad
Selects Panzerjäger Kommand Battlegroup
Selects Tank Busters
Selects Mine Fields
Selects Defensive Positions
Selects Crew Shock Tactics
Construct Panzerarmee Kommand
Walking Stuka Rocket Launcher
Armored Reserves
Selects Anti-tank Overwatch
Panzerjäger Squad
Victor
hogarthw
iru
BootLeg
JollyRedRockett
หนีห่าวจงกัั๋ว
0
0
Comments
sign in to comment!
No comments posted yet!